 Dungeon Crawl Stone Soup version 0.32-a0-928-g1cae6b7ea0 (webtiles) character file.

Game seed: 3573426903277092979

563 ezpacito the Trooper (level 7, -6/54 HPs)
             Began as a Coglin Chaos Knight on Apr 13, 2024.
             Was a Plaything of Xom.
             Mangled by an ice beast (14 damage)
             ... on level 5 of the Dungeon.
             The game lasted 00:04:03 (3216 turns).

ezpacito the Trooper (Coglin Chaos Knight)          Turns: 3216, Time: 00:04:03

Health: -6/54      AC: 11    Str: 14    XL:     7   Next: 32%
Magic:  9/9        EV:  6    Int: 11    God:    Xom [...*..]
Gold:   109        SH:  0    Dex: 14    Spells: 9/9 levels left

rFire   . . .        a - +0 hand axe (chaos) {Suchat}
rCold   . . .        d - +1 spear (venom) {Caesarion}
rNeg    . . .        j - +0 chain mail
rPois   .            r - +0 helmet
rElec   .            (no cloak)
rCorr   .            k - +0 pair of gloves
SInv    .            (no boots)
Will    .....        (amulet unavailable) Stlth
                     (ring unavailable)
HPRegen 0.29/turn    (ring unavailable)
MPRegen 0.11/turn    (no gizmo)

%: no passive effects
@: invisible, revved
A: off-hand wielding, slow wielding, warmup strikes, no jewellery
a: Invent Gizmo, Renounce Religion


You were on level 5 of the Dungeon.
You worshipped Xom.
You were a favourite toy of Xom.
You visited 1 branch of the dungeon, and saw 5 of its levels.

You collected 212 gold pieces.
You spent 103 gold pieces at shops.

Inventory:

Hand Weapons
 a - a +0 hand axe of chaos (weapon) {Suchat}
 d - a +1 spear of venom (offhand) {Caesarion}
 o - a +0 war axe
Missiles
 u - 3 boomerangs (quivered)
Armour
 j - a +0 chain mail (worn)
 k - a +0 pair of gloves (worn)
 r - a +0 helmet (worn)
Wands
 v - a wand of flame (20)
Scrolls
 b - a scroll of noise
 f - 2 scrolls of enchant weapon
 g - 2 scrolls of fear
 h - a scroll of immolation
 p - a scroll of poison {unknown}
Potions
 l - a potion of enlightenment {unknown}
 m - a potion of brilliance {unknown}
 n - 3 potions of lignification
 s - a potion of might {unknown}
 t - 2 potions of heal wounds {unknown}


   Skills:
 * Level 4.3 Fighting
 * Level 4.2(4.7) Axes
 * Level 2.4(3.5) Polearms
 * Level 3.1 Armour
 * Level 2.6 Dodging
 + Level 1.7 Stealth
 + Level 1.7 Spellcasting


You had 9 spell levels left.
You didn't know any spells.
Your spell library contained the following spells:

 Spells                   Type           Power      Damage    Failure   Level
 Shock                    Conj/Air       0%         1d3       99%         1
 Swiftness                Air            0%         N/A       100%        3
 Airstrike                Air            0%         2d(0-16)  100%        4


Dungeon Overview and Level Annotations

Branches:
Dungeon (5/15)
 Temple: D:4-7

Altars:
Elyvilon
Hepliaklqana
Kikubaaqudgha
Trog
Uskayaw

Shops:
D:4 :[

Annotations:
D:5 Edmund


Innate Abilities, Weirdness & Mutations

You can wield a second weapon in your off-hand.
It takes a long time for you to wield or remove held weapons.
Your first few attacks do less damage.
You cannot equip rings or amulets.


Message History

You hit Edmund but do no damage.
Your butterfly disappears in a burst of colours! x2
Edmund hits you but does no damage.
You hit Edmund but do no damage.
Edmund is almost dead.
You strike the helpless Edmund from behind!
You hit Edmund but do no damage.
Edmund hits you with a +2 flail of protection!
* * * LOW HITPOINT WARNING * * *
A shower of butterflies erupts from you!
You take 12 damage, and have 9/54 hp.
MASSIVE DAMAGE!!
Your butterfly disappears in a burst of colours!
Hit: a) +0 hand axe (chaos) {Suchat}
Press: ? - help, Dir - move target, f/p - Edmund
Aim: Edmund, wielding a +2 flail of protection and wearing a +0 scale mail (almost dead, strong, unusually resistant, unable to see you, slow, ally target, about 32% to evade your +0 hand axe of chaos)
You reach to attack!
You hit Edmund but do no damage.
You swap places.
An ice beast comes into view.
Edmund hits your butterfly with a +2 flail of protection!
Your butterfly dies!
Your butterfly degenerates into a cloud of primal chaos!
Hit: a) +0 hand axe (chaos) {Suchat}
Press: ? - help, Dir - move target, f/p - Edmund
Aim: Edmund, wielding a +2 flail of protection and wearing a +0 scale mail (almost dead, strong, unusually resistant, unable to see you, slow, ally target, about 32% to evade your +0 hand axe of chaos)
You reach to attack!
You hit Edmund but do no damage.
Hit: a) +0 hand axe (chaos) {Suchat}
Press: ? - help, Dir - move target, f/p - Edmund
Aim: Edmund, wielding a +2 flail of protection and wearing a +0 scale mail (almost dead, strong, unusually resistant, unable to see you, slow, ally target, about 32% to evade your +0 hand axe of chaos)
You reach to attack!
You hit Edmund but do no damage.
Edmund is almost dead.
Hit: a) +0 hand axe (chaos) {Suchat}
Press: ? - help, Dir - move target, f/p - Edmund
Aim: Edmund, wielding a +2 flail of protection and wearing a +0 scale mail (almost dead, strong, unusually resistant, unable to see you, slow, ally target, about 32% to evade your +0 hand axe of chaos)
Okay, then.
A hound comes into view.
The ice beast hits you.
* * * LOW HITPOINT WARNING * * *
The ice beast freezes you!
You die...
Xom snickers!

##.## #.### ### #.#
##.#. ##.## #.# ##...
###...## #.# #....
...... #.# #.... #.b.#
###.####.#.#
#..####..........#
#.#####.Y.......####.###
.h.....@b@...........#
######################


You could see Edmund (strong, resistant, unable to see you, slow, ally target),
an ice beast (unable to see you) and a hound.

Vanquished Creatures
  A sky beast (D:4)
  A scorpion (D:4)
  A howler monkey (D:4)
  2 hounds (D:4)
  3 iguanas
  An orc wizard (D:3)
  4 gnolls (D:4)
  6 adders
  2 ufetubi (D:5)
  3 ribbon worms
  A dart slug (D:4)
  5 orcs
  10 ball pythons
  4 bats
  8 endoplasms
  2 giant cockroaches
  13 goblins
  8 hobgoblins
  5 jackals
  4 kobolds (D:1)
  2 quokkas (D:2)
  4 frilled lizards
  12 rats
102 creatures vanquished.

Notes
Turn   | Place    | Note
-------+----------+-------------------------------------------
     0 | D:1      | ezpacito the Coglin Chaos Knight began the quest for the
                  | Orb.
     0 | D:1      | Reached XP level 1. HP: 18/18 MP: 1/1
     0 | D:1      | XOM: silly message
    55 | D:1      | Reached skill level 1 in Dodging
    55 | D:1      | Reached XP level 2. HP: 23/24 MP: 2/2
   201 | D:1      | XOM: silly message
   426 | D:1      | XOM: silly message
   476 | D:1      | XOM: silly message
   481 | D:1      | Reached XP level 3. HP: 29/29 MP: 3/3
   570 | D:1      | XOM: silly message
   746 | D:2      | Reached skill level 1 in Polearms
   838 | D:2      | XOM: silly message
   947 | D:2      | Found a faded altar of an unknown god.
   982 | D:2      | Reached XP level 4. HP: 35/35 MP: 5/5
  1509 | D:3      | XOM: summons 3 hostile demons
  1643 | D:3      | Reached skill level 1 in Spellcasting
  1656 | D:3      | Reached XP level 5. HP: 34/41 MP: 6/6
  1701 | D:3      | Reached skill level 1 in Stealth
  1781 | D:3      | Found an ancient bone altar of Kikubaaqudgha.
  1781 | D:3      | Found a faded altar of an unknown god.
  1789 | D:3      | Found a white marble altar of Elyvilon.
  1791 | D:3      | Found a hide-covered altar of Uskayaw.
  1796 | D:3      | Found a bloodstained altar of Trog.
  1843 | D:3      | XOM: 9-stop teleportation journey
  2258 | D:4      | XOM: confusion (+ monsters)
  2260 | D:4      | Reached XP level 6. HP: 48/48 MP: 7/7
  2494 | D:4      | Found Ixtoiffa's Book Shop.
  2499 | D:4      | Found Vun Woff's Antique Armour Emporium.
  2502 | D:4      | XOM: confuse monster(s)
  2508 | D:4      | Bought a helmet for 103 gold pieces
  2646 | D:4      | Found a hazy altar of Hepliaklqana.
  2675 | D:4      | Noticed a sky beast
  2682 | D:4      | Killed a sky beast
  2683 | D:4      | Reached XP level 7. HP: 47/54 MP: 9/9
  3051 | D:5      | Entered Level 5 of the Dungeon
  3055 | D:5      | XOM: potion effect (brilliance)
  3168 | D:5      | Noticed Edmund
  3178 | D:5      | XOM: potion effect (invisibility)
  3208 | D:5      | XOM: butterfly on damage
  3216 | D:5      | Mangled by an ice beast

Illustrated notes

Levels and vault maps discovered:
D:1:      onia_arrival_handbag, layout_basic
D:2:      layout_rooms, hellmonk_ecumenical_altar_inner_sanctum
D:3:      cheibrodos_greedy_goblins, layout_loops_ring,
          chequers_temple_overflow_minitemple, reono_crystal_passage,
          kennysheep_generic_room_9
D:4:      layout_cave_pods, mainiacjoe_overflow_alcove_1,
          nicolae_wooded_promenade
D:5:      layout_loops_ring, uniq_pikel, uniq_sigmund, uniq_edmund, uniq_ijyb

Skill      XL: |  1  2  3  4  5  6 |
---------------+-------------------+-----
Dodging        | 1 2 |  2.6
Armour         | 2 3 |  3.1
Polearms       | 1 2 |  2.4
Spellcasting   | 1 |  1.7
Stealth        | 1 |  1.7
Fighting       | 4 |  4.3
Axes           | 4 |  4.2

Action                     |  1- 3 |  4- 6 |  7- 9 || total
---------------------------+-------+-------+-------++-------
  Melee: Hand axe          |    50 |    88 |    33 ||   171
         Dagger            |    13 |       |       ||    13
         Spear             |    54 |   105 |    37 ||   196
    Use: Potion            |       |     2 |     2 ||     4
         Scroll            |       |     1 |     6 ||     7
   Stab: Confused          |       |     1 |     1 ||     2
         Paralysed         |       |     2 |       ||     2
         Invisible         |       |       |     2 ||     2
 Armour: Leather armour    |    11 |       |       ||    11
         Chain mail        |    19 |    78 |    54 ||   151
         Skin              |       |    18 |       ||    18
  Dodge: Dodged            |    17 |    19 |    20 ||    56

Table legend: (Time is in decaauts)
 A = Elapsed time spent in this place.
 B = Non-inter-level travel time spent in this place.
 C = Inter-level travel time spent in this place.
 D = Time resting spent in this place.
 E = Time spent auto-exploring this place.
 F = Levels seen in this place.
 G = Mean time per level.
                   A        B        C        D        E       F      G
               +--------+--------+--------+--------+--------+-----+--------+
         Total |   3224 |   3027 |    197 |      9 |   2395 |   5 |  644.8 |
       Dungeon |   3224 |   3027 |    197 |      9 |   2395 |   5 |  644.8 |
               +--------+--------+--------+--------+--------+-----+--------+

Top non-repeatable levels by time:
     D:4: 938 daAuts
     D:3: 892 daAuts
     D:1: 671 daAuts
     D:2: 558 daAuts
     D:5: 164 daAuts
